 Dungeon Crawl Stone Soup version 0.28-a0-932-g843f935a50 (webtiles) character file.

Game seed: 17882337449744012100

664 Alado the Conjurer (level 7, -3/52 HPs)
             Began as a Pale Draconian Conjurer on Nov 27, 2021.
             Slain by a shadow (4 damage)
             ... on level 5 of the Dungeon.
             The game lasted 00:36:02 (4061 turns).

Alado the Conjurer (Pale Draconian Conjurer)        Turns: 4061, Time: 00:36:02

Health: -3/52      AC:  6    Str: 10    XL:     7   Next: 31%
Magic:  7/12       EV: 12    Int: 19    God:
Gold:   232        SH:  0    Dex: 10    Spells: 7/12 levels left

rFire   + + .      SeeInvis .   a - +0 spear (flame)
rCold   x . .      Faith    .   (no shield)
rNeg    . . .      Spirit   .   (armour unavailable)
rPois   .          Reflect  .   (helmet restricted)
rElec   .          Harm     .   (no cloak)
rCorr   .          Rampage  .   (no gloves)
Will    .....                   (no boots)
Stlth   ++........              (no amulet)
HPRegen 0.17/turn               d - ring of fire
MPRegen 0.13/turn               c - ring of protection from fire

@: no status effects
A: breathe steam, AC +6, unfitting armour, cold-blooded, steam resistance
a: Breathe Steam


You were on level 5 of the Dungeon.
You visited 1 branch of the dungeon, and saw 5 of its levels.

You collected 232 gold pieces.

Inventory:

Hand Weapons
 a - a +0 spear of flaming (weapon)
 f - a +0 dagger of electrocution
Jewellery
 c - a ring of protection from fire (right hand)
 d - a ring of fire (left hand)
 h - an amulet of guardian spirit
Wands
 b - a wand of flame (6) (quivered)
 j - a wand of iceblast (6)
Scrolls
 e - a scroll of magic mapping
 g - a scroll of identify
 i - a scroll of teleportation


   Skills:
 + Level 1.2 Fighting
 + Level 0.8 Maces & Flails
 + Level 0.4 Polearms
 + Level 4.3 Throwing
 + Level 2.9 Dodging
 + Level 2.7 Stealth
 + Level 3.4 Spellcasting
 + Level 5.3 Conjurations


You had 7 spell levels left.
You knew the following spells:

 Your Spells              Type           Power      Damage    Failure   Level
a - Magic Dart            Conj           92%        1d7       1%          1
b - Searing Ray           Conj           46%        2d6       2%          2
c - Poisonous Vapours     Pois/Air       6%         N/A       22%         2

Your spell library contained the following spells:

 Spells                   Type           Power      Damage    Failure   Level
 Sting                    Tmut/Pois      12%        1d3       14%         1
 Dazzling Flash           Conj/Hex       26%        N/A       14%         3
 Mephitic Cloud           Conj/Pois/Air  10%        N/A       22%         3
 Ignite Poison            Fire/Tmut/Pois 4%         N/A       41%         3
 Fulminant Prism          Conj/Hex       6%         3d7       43%         4
 Iskenderun's Mystic Bla  Conj/Tloc      13%        2d5       43%         4
 Olgreb's Toxic Radiance  Pois           3%         N/A       82%         4
 Freezing Cloud           Conj/Ice/Air   5%         6-21      89%         5


Dungeon Overview and Level Annotations

Branches:
Dungeon (5/15)
 Temple: D:4-7

Altars:
Gozag
Makhleb
Xom
The Shining One


Innate Abilities, Weirdness & Mutations

You can breathe blasts of scalding, opaque steam.
Your pale cyan-grey scales are hard. (AC +6)
You cannot fit into any form of body armour.
You are cold-blooded and may be slowed by cold attacks.
You are immune to the effects of steam.


Message History

Reactivating autopickup.
You hit the shadow. You burn the shadow.
You tail-slap the shadow, but do no damage.
The shadow is heavily damaged.
The shadow barely misses you.
You closely miss the shadow.
The shadow is heavily damaged.
The shadow closely misses you.
Your magical contamination has completely faded away.
You barely miss the shadow.
The shadow is heavily damaged.
The shadow hits you!
You closely miss the shadow.
The shadow is heavily damaged.
The shadow barely misses you.
You hit the shadow. You burn the shadow.
The shadow is severely damaged.
The shadow misses you.
You hit the shadow but do no damage. You tail-slap the shadow.
The shadow is almost destroyed.
The shadow hits you!
You hit the shadow but do no damage.
The shadow is almost destroyed.
The shadow slips into darkness.
The shadow flickers and vanishes!
Deactivating autopickup; reactivate with Ctrl-A.
You miss something.
The shadow strikes at you from the darkness!
Ouch! That really hurt!
* * * LOW HITPOINT WARNING * * *
Reactivating autopickup.
You aren't carrying any potions.
You hit the shadow. You burn the shadow.
The shadow is almost destroyed.
The shadow slips into darkness.
The shadow flickers and vanishes!
Deactivating autopickup; reactivate with Ctrl-A.
You hit something but do no damage.
The shadow strikes at you from the darkness!
You die...

.... .... #
..... #.
##.....
##.###.......
#............
#...{........
#....@.......
#......!.##.##
......)...#
.##.......#
#.......#
....?....#
..#..######
..#..#...#


There were no monsters in sight!

Vanquished Creatures
  A black bear (D:4)
  A necrophage (D:2)
  A phantom (D:4)
  2 scorpions
  A howler monkey (D:4)
  A jelly (D:4)
  A hound (D:3)
  An iguana (D:3)
  Ijyb (D:4)
  A hound skeleton (D:4)
  4 gnolls (D:3)
  3 adders
  An adder skeleton (D:4)
  2 worms (D:2)
  An orc (D:5)
  5 bats
  6 endoplasms
  3 giant cockroaches
  3 goblins
  7 hobgoblins
  10 kobolds
  4 quokkas
  5 ball pythons
  A frilled lizard (D:1)
  6 rats
72 creatures vanquished.

Notes
Turn   | Place    | Note
-------+----------+-------------------------------------------
     0 | D:1      | Alado the Draconian Conjurer began the quest for the Orb.
     0 | D:1      | Reached XP level 1. HP: 14/14 MP: 3/3
   142 | D:1      | Reached XP level 2. HP: 20/22 MP: 1/5
   145 | D:1      | Learned a level 2 spell: Searing Ray
   864 | D:2      | Reached XP level 3. HP: 27/27 MP: 3/6
  1178 | D:2      | Noticed a necrophage
  1189 | D:2      | Killed a necrophage
  1190 | D:2      | Reached skill level 5 in Conjurations
  1190 | D:2      | Reached XP level 4. HP: 26/34 MP: 0/7
  1333 | D:2      | Reached XP level 5. HP: 39/39 MP: 7/9
  1444 | D:2      | Reached skill level 1 in Fighting
  1604 | D:2      | Reached skill level 1 in Throwing
  1810 | D:3      | Found a glowing golden altar of the Shining One.
  2051 | D:3      | Found a faded altar of an unknown god.
  2263 | D:3      | Found a burning altar of Makhleb.
  2303 | D:3      | Reached XP level 6. HP: 43/47 MP: 6/10
  2359 | D:3      | Found an opulent altar of Gozag.
  3108 | D:4      | Reached XP level 7. HP: 32/52 MP: 0/12
  3108 | D:4      | Gained mutation: You are immune to the effects of steam.
                  | [Pale Draconian growth]
  3385 | D:4      | Learned a level 2 spell: Poisonous Vapours
  3619 | D:4      | Noticed Ijyb
  3626 | D:4      | Killed Ijyb
  3930 | D:4      | Found a shimmering altar of Xom.
  4043 | D:5      | Entered Level 5 of the Dungeon
  4043 | D:5      | Noticed a shadow
  4059 | D:5      | HP: 1/52 [something (27)]
  4061 | D:5      | Slain by a shadow

Illustrated notes

Levels and vault maps discovered:
D:1:      wheals_arrival_shading, layout_basic
D:2:      layout_rooms
D:3:      layout_rooms, mainiacjoe_overflow_cross_hatched, bloody_makhleb,
          nicolae_tso_carved_into_rock, hellmonk_ecumenical_altar_slurped_away
D:4:      layout_gridville, marbit_many_paths, uniq_ijyb
D:5:      layout_rooms, minmay_temple_entry_butterflies, serial_shops,
          nicolae_take_the_stairs, shop, kennysheep_decorative_pillar,
          uniq_menkaure

Skill      XL: |  1  2  3  4  5  6 |
---------------+-------------------+-----
Dodging        | 2 |  2.9
Stealth        | 2 |  2.7
Conjurations   | 5 |  5.3
Fighting       | 1 |  1.2
Throwing       | 2 4 |  4.3
Spellcasting   | 3 |  3.4
Maces & Flails | |  0.8
Polearms       | |  0.4

Action                   |  1- 3 |  4- 6 |  7- 9 || total
-------------------------+-------+-------+-------++-------
Melee: Whip              |    15 |       |       ||    15
       Unarmed           |     2 |       |       ||     2
       Tailslap          |     4 |     1 |     2 ||     7
       Hand axe          |     3 |       |       ||     3
       Spear             |    16 |    14 |    21 ||    51
Throw: Boomerang         |    12 |    64 |       ||    76
 Cast: Magic Dart        |    44 |    27 |    10 ||    81
       Searing Ray       |     1 |     8 |     2 ||    11
       Poisonous Vapours |       |       |     3 ||     3
Evoke: Wand              |       |       |     9 ||     9
  Use: Scroll            |     2 |     4 |     1 ||     7
       Potion            |       |     1 |     1 ||     2
 Stab: Sleeping          |       |       |     1 ||     1
Armor: Skin              |    11 |    22 |     6 ||    39
Dodge: Dodged            |    33 |    25 |     9 ||    67

Table legend: (Time is in decaauts)
 A = Elapsed time spent in this place.
 B = Non-inter-level travel time spent in this place.
 C = Inter-level travel time spent in this place.
 D = Time resting spent in this place.
 E = Time spent auto-exploring this place.
 F = Levels seen in this place.
 G = Mean time per level.
                   A        B        C        D        E       F      G
               +--------+--------+--------+--------+--------+-----+--------+
         Total |   4069 |   3942 |    127 |   1246 |   2099 |   5 |  813.8 |
       Dungeon |   4069 |   3942 |    127 |   1246 |   2099 |   5 |  813.8 |
               +--------+--------+--------+--------+--------+-----+--------+

Top non-repeatable levels by time:
     D:4: 1598 daAuts
     D:2: 881 daAuts
     D:1: 854 daAuts
     D:3: 716 daAuts
     D:5: 18 daAuts
